 Dungeon Crawl Stone Soup version 0.26.1-11-gd32895ea62 (webtiles) character file.

Game seed: 2890502665796852670

2058 jlumianski the Summoner (level 9, -9/37 HPs)
             Began as a Felid Summoner on May 26, 2021.
             Was an Initiate of Gozag.
             Mangled by an orc warrior
             ... wielding a +0 long sword
              (13 damage)
             ... on level 8 of the Dungeon.
             The game lasted 01:46:32 (19099 turns).

jlumianski the Summoner (Felid Summoner)           Turns: 19099, Time: 01:46:34

Health: -9/37      AC:  4    Str:  4    XL:     9   Next: 5%
Magic:  12/21      EV: 23    Int: 20    God:    Gozag
Gold:   1175       SH:  0    Dex: 22    Spells: 9/23 levels left
                                        Lives:  0   Deaths: 2

rFire    . . .     SeeInvis +     - Unarmed
rCold    . . .     Faith    .   (shield unavailable)
rNeg     . . .     Spirit   .   (armour unavailable)
rPois    .         Reflect  .   (helmet unavailable)
rElec    .         Harm     .   (cloak unavailable)
rCorr    .         Rampage  .   (gloves unavailable)
Will     +....                  (boots unavailable)
Stlth    +++.......             h - amulet of the acrobat
HPRegen  0.12/turn              n - +6 ring of dexterity
MPRegen  0.17/turn              (no ring)

@: quick
A: very small, no armour, no weapons or thrown items, stealth, claws 1, fangs 3,
thin metallic scales 1, see invisible, speed 1, robust 1, shaggy fur 2, sharp
paws
a: Renounce Religion, Potion Petition, Call Merchant, Bribe Branch


You were on level 8 of the Dungeon.
You worshipped Gozag.
Gozag was most pleased with you.
You visited 2 branches of the dungeon, and saw 10 of its levels.

You collected 2288 gold pieces.
You paid 1113 gold pieces to Gozag.

Inventory:

Jewellery
 g - an uncursed ring of protection from fire
 h - an amulet of the acrobat (around neck)
 j - an uncursed ring of see invisible
 n - a +6 ring of dexterity (left paw)
Wands
 r - a wand of acid (5)
 s - a wand of iceblast (4)
Scrolls
 b - 2 scrolls of teleportation
 i - a scroll of fear
 m - a scroll of fog
 o - 7 scrolls of identify
 p - 3 scrolls of remove curse
Potions
 a - 2 potions of attraction
 c - 2 potions of lignification
 d - 2 potions of degeneration
 e - 4 potions of haste
 f - 3 potions of heal wounds
 k - a potion of invisibility
 l - a potion of mutation
 t - a potion of curing
 u - a potion of brilliance


   Skills:
 + Level 0.1 Fighting
 * Level 6.5 Dodging
 + Level 3.8 Stealth
 * Level 5.1 Unarmed Combat
 + Level 7.6 Spellcasting
 + Level 0.2 Conjurations
 + Level 2.1 Hexes
 + Level 8.4 Summonings
 + Level 1.0 Fire Magic
 * Level 3.5 Evocations


You had 9 spell levels left.
You knew the following spells:

 Your Spells              Type           Power        Failure   Level
a - Summon Small Mammal   Summ           100%         1%          1
b - Call Imp              Summ           41%          1%          2
c - Call Canine Familiar  Summ           41%          1%          3
d - Foxfire               Conj/Fire      40%          7%          1
e - Summon Guardian Gole  Hex/Summ       28%          3%          3
f - Blink                 Tloc           N/A          14%         2
g - Slow                  Hex            16%          5%          2

Your spell library contained the following spells:

 Spells                   Type           Power        Failure   Level
 Animate Skeleton         Necr           14%          9%          1
 Apportation              Tloc           14%          9%          1
 Magic Dart               Conj           32%          9%          1
 Pain                     Necr           28%          9%          1
 Summon Ice Beast         Ice/Summ       24%          16%         4
 Summon Lightning Spire   Summ/Air       24%          16%         4
 Conjure Flame            Conj/Fire      10%          21%         3
 Mephitic Cloud           Conj/Pois/Air  7%           26%         3
 Vampiric Draining        Necr           3%           26%         3
 Animate Dead             Necr           3%           65%         4
 Agony                    Necr           7%           94%         5


Dungeon Overview and Level Annotations

Branches:
Dungeon (9/15)             Temple (1/1) D:4
   Lair: D:8-11         Orc: D:9-12

Altars:
Ashenzari
Cheibriados
Dithmenos
Elyvilon
Fedhas
Gozag
Hepliaklqana
Kikubaaqudgha
Makhleb
Nemelex Xobeh
Okawaru
Qazlal
Ru
Sif Muna
Trog
Uskayaw
Vehumet
Wu Jian
Xom
Yredelemnul
Zin
The Shining One

Shops:
D:5 *[   D:6 (   D:8 =


Innate Abilities, Weirdness & Mutations

You cannot wear armour.
You are incapable of wielding weapons or throwing items.
Your paws allow you to move quietly. (Stealth)
You have sharp claws.
You have razor-sharp teeth.
You have supernaturally acute eyesight. (SInv)
You cover ground quickly.
You are covered in thick fur. (AC +2)
Your sharp claws are effective at attacking unaware monsters.
You are partially covered in thin metallic scales. (AC +2)
You are robust. (+10% HP)


Message History

Your wolf bites the orc warrior.
Your wolf closely misses the orc warrior.
Casting: Summon Guardian Golem (dangerous; 3% risk of failure)
Confirm with . or Enter, or press ? or * to list all spells.
A beastly little devil appears in a puff of flame.
Your wolf misses the orc warrior.
Casting: Call Imp (safe; 1% risk of failure)
Confirm with . or Enter, or press ? or * to list all spells.
A beastly little devil appears in a puff of frigid air.
The orc warrior hits you with a +0 long sword!
* * * LOW HITPOINT WARNING * * *
Your wolf bites the orc warrior.
Your crimson imp hits the orc warrior but does no damage.
You scratch the orc warrior but do no damage.
You bite the orc warrior, but do no damage.
The orc warrior is heavily wounded.
Your wolf bites the orc warrior but does no damage.
The orc warrior hits you with a +0 long sword!
You die...
Your body crumbles into a pile of gold.

#<#########.# #.# #...........#
#.############ #.#########.#
#............. #.# #.#
#.############ #.# #.# #.#
#.##### #.#######.# #.#...##
#.#.......# #######
#.#.#..####.#5####..######......
##...>........ho@.5......##......
......#.######8####..............
####.......#......#.####.#.......
#....##.#.#.##.#.# #........#
#....##.#.#.#..#.# ##..#....#
#....##.#.#.#..#.# #..#....#
#.....#.#.#.#.##.######.#.....
#..#..#.#.#...................
#.....#.#...#..#.............#


You could see an orc warrior, a friendly guardian golem (summoned), a friendly
wolf (summoned, sheltered), a friendly crimson imp (summoned, sheltered) and a
friendly white imp (summoned, sheltered).

Vanquished Creatures
  A gargoyle (D:9)
  5 killer bees (D:8)
  A bullfrog zombie (D:9)
  2 orc wizards
  An iguana (D:8)
  A killer bee zombie (D:5)
  A mummy (D:7)
  4 gnolls (D:5)
  An adder (D:9)
  2 white imps
  An adder skeleton (D:5)
  2 orcs
  3 giant cockroaches
  A jackal (D:5)
  2 kobolds (D:7)
  A rat (D:1)
29 creatures vanquished.

Vanquished Creatures (collateral kills)
  Psyche (D:8)
  Grum (D:8)
  2 wargs
  3 orc warriors
  An ogre (D:9)
  2 phantoms
  A necrophage (D:8)
  3 wolves (D:8)
  4 centaurs
  A big kobold (D:6)
  3 bullfrogs
  Blork the orc (D:6)
  6 scorpions
  8 killer bees (D:8)
  4 hounds
  8 orc wizards
  8 orc priests
  3 bullfrog skeletons
  An iguana (D:6)
  5 worker ants
  A hound skeleton (D:8)
  A worker ant zombie (D:8)
  38 gnolls
  A river rat (D:3)
  22 adders
  4 shadow imps
  2 white imps
  2 ufetubi
  An ooze (D:3)
  A dart slug (D:4)
  2 worms
  2 leopard geckos (D:4)
  27 orcs
  3 giant cockroaches
  5 hobgoblins
  25 jackals
  7 kobolds
  4 quokkas
  2 bats
  5 frilled lizards
  10 goblins
  2 kobold zombies (D:7)
  A leopard gecko skeleton (D:6)
  2 quokka skeletons
  5 rats (D:3)
241 creatures vanquished.

Vanquished Creatures (others)
  A two-headed ogre (D:8)
  A troll (D:9)
  A steam dragon (D:8)
  A water moccasin (D:9)
  An ice beast (D:6)
  2 orc warriors
  A wolf (D:8)
  An ogre (D:9)
  A gnoll sergeant (D:5)
  A gnoll shaman (D:7)
  2 orc priests
  A centaur skeleton (D:8)
  An orc wizard (D:8)
  A gnoll (D:7)
  An adder (D:8)
  A quokka (D:8)
  107 foxfires
  8 fungi (D:5)
  5 plants
  5 toadstools (D:5)
143 creatures vanquished.

Grand Total: 413 creatures vanquished

Notes
Turn   | Place    | Note
-------+----------+-------------------------------------------
     0 | D:1      | jlumianski the Felid Summoner began the quest for the Orb.
     0 | D:1      | Reached XP level 1. HP: 7/7 MP: 4/4
   758 | D:1      | Reached XP level 2. HP: 11/11 MP: 1/6
   761 | D:1      | Learned a level 2 spell: Call Imp
  1500 | D:2      | Reached XP level 3. HP: 14/14 MP: 1/8
  3079 | D:3      | Learned a level 3 spell: Call Canine Familiar
  3328 | D:3      | Reached XP level 4. HP: 18/18 MP: 0/9
  3887 | D:4      | Found a staircase to the Ecumenical Temple.
  3945 | D:4      | Reached skill level 5 in Summonings
  4037 | Temple   | Entered the Ecumenical Temple
  4143 | Temple   | Became a worshipper of Gozag Ym Sagoz the Greedy
  4587 | D:4      | Found a shimmering blue altar of Sif Muna.
  4597 | D:4      | Reached XP level 5. HP: 21/21 MP: 2/11
  4610 | D:4      | Identified Sif Muna's Handbook of the Voyage and the
                  | Arsonist
  4614 | D:4      | Learned a level 1 spell: Foxfire
  4674 | D:4      | Noticed an orc warrior
  4684 | D:4      | Slain by an orc warrior
  4685 | D:4      | Reached XP level 4. HP: -1/18 MP: 8/10
  4737 | D:4      | Found a shadowy altar of Dithmenos.
  4819 | D:4      | Found an ornate altar of the Wu Jian Council.
  5111 | D:4      | Killed an orc warrior
  5112 | D:4      | Reached XP level 5. HP: 21/21 MP: 3/12
  5184 | D:4      | Found a bloodstained altar of Trog.
  5306 | D:5      | Entered Level 5 of the Dungeon
  6351 | D:5      | Found a glowing golden altar of the Shining One.
  6470 | D:5      | Noticed a centaur
  6945 | D:5      | Killed a centaur
  6946 | D:5      | Reached skill level 6 in Summonings
  6946 | D:5      | Gained mutation: You are covered in thick fur. (AC +2)
                  | [Felid growth]
  6946 | D:5      | Reached XP level 6. HP: 24/24 MP: 3/13
  7055 | D:5      | Learned a level 3 spell: Summon Guardian Golem
  7512 | D:5      | Found Zoerch's Antique Armour Shop.
  7699 | D:5      | Reached skill level 1 in Unarmed Combat
  8237 | D:5      | Gained mutation: You are partially covered in thin metallic
                  | scales. (AC +2) [potion of mutation]
  8237 | D:5      | Gained mutation: You are robust. (+10% HP) [potion of
                  | mutation]
  8610 | D:5      | Found a broken altar of Ashenzari.
  8733 | D:5      | Found a burning altar of Makhleb.
  9013 | D:5      | Reached XP level 7. HP: 26/29 MP: 10/15
  9063 | D:5      | Reached skill level 5 in Spellcasting
  9638 | D:6      | Found Cytuynti's Weapon Emporium.
  9638 | D:6      | Noticed Blork the orc
  9723 | D:5      | HP: 1/29 [ufetubus (1)]
 10440 | D:6      | Killed Blork the orc
 11584 | D:7      | Reached XP level 8. HP: 34/34 MP: 2/17
 11817 | D:7      | HP: 1/34 [orc priest/divine providence (7)]
 12176 | D:6      | Reached skill level 7 in Summonings
 12431 | D:7      | Reached skill level 1 in Hexes
 13419 | D:8      | Reached skill level 5 in Dodging
 13482 | D:8      | Noticed Psyche
 13488 | D:8      | Killed Psyche
 13489 | D:8      | Reached skill level 1 in Evocations
 13596 | D:8      | Noticed Grum
 13642 | D:8      | Reached skill level 1 in Fire Magic
 14089 | D:8      | Learned a level 2 spell: Blink
 14148 | D:8      | Noticed a two-headed ogre
 14158 | D:8      | Killed a two-headed ogre
 14159 | D:8      | Reached XP level 9. HP: 37/37 MP: 14/20
 14455 | D:8      | Killed Grum
 15485 | D:8      | Killed from afar by a steam dragon
 15486 | D:8      | Reached XP level 8. HP: -13/34 MP: 10/19
 15488 | D:8      | Found a white marble altar of Elyvilon.
 16869 | D:9      | Reached skill level 8 in Summonings
 17461 | D:9      | Learned a level 2 spell: Slow
 17479 | D:9      | Noticed a gargoyle
 17536 | D:9      | Killed a gargoyle
 17537 | D:9      | Reached skill level 5 in Unarmed Combat
 17708 | D:9      | HP: 1/34 [orc priest/divine providence (12)]
 18277 | D:9      | Found a sparkling altar of Nemelex Xobeh.
 18283 | D:9      | Found a hazy altar of Hepliaklqana.
 18284 | D:9      | Found a sacrificial altar of Ru.
 18284 | D:9      | Found a radiant altar of Vehumet.
 18289 | D:9      | Found a basalt altar of Yredelemnul.
 18555 | D:9      | Noticed a troll
 18565 | D:9      | Killed a troll
 18634 | D:9      | Reached XP level 9. HP: 37/37 MP: 13/21
 19099 | D:8      | Mangled by an orc warrior

Illustrated notes

Levels and vault maps discovered:
D:1:      wander_arrival_fairy_ring, layout_basic
D:2:      layout_loops_corners
D:3:      layout_loops_ring, lightli_sewer_entry_pipes
D:4:      layout_rooms, nzn_overflow_gifts_of_might_and_magic,
          nicolae_dithmenos_shadow_blocks, nicolae_overflow_crystal_walls,
          temple_doors_e
D:5:      lemuel_castle_with_subvaults [lemuel_castle_interior_carwin_1],
          layout_basic, kennysheep_mini, kennysheep_little_box,
          nicolae_overflow_hidden_temple, serial_shops, nicolae_shop_trees,
          minmay_gold_behind_fungi, amcnicky_mini_pool_medium
D:6:      layout_rooms, serial_shops, shop, uniq_blork_the_orc
D:7:      layout_rooms, nicolae_ossuary_entry_giza
D:8:      minmay_razor_zed, layout_basic, elyvilon_altar_4,
          minmay_misc_feat_iff, uniq_psyche, uniq_grum
D:9:      layout_roguey, minitemple, david_orc_1_choice
Temple:   jpeg_temple_island

Skill      XL: |  1  2  3  4  5  6  7  8  9 |
---------------+----------------------------+-----
Spellcasting   | 3 4 5 7 |  7.6
Summonings     | 5 6 8 |  8.4
Stealth        | 3 |  3.8
Dodging        | 3 4 5 6 |  6.5
Unarmed Combat | 1 2 5 |  5.1
Hexes          | 2 |  2.1
Evocations     | 3 |  3.5
Fire Magic     | 1 |  1.0
Fighting       | |  0.1
Conjurations   | |  0.2

Action                   |  1- 3 |  4- 6 |  7- 9 || total
-------------------------+-------+-------+-------++-------
Melee: Unarmed           |     8 |    28 |    55 ||    91
       Bite              |     1 |     3 |     7 ||    11
       Punch             |       |       |     2 ||     2
 Cast: Summon Small Mamm |    90 |    71 |    30 ||   191
       Call Imp          |    28 |    61 |   102 ||   191
       Call Canine Famil |     1 |    40 |    88 ||   129
       Foxfire           |       |    11 |    57 ||    68
       Summon Guardian G |       |     7 |    63 ||    70
       Slow              |       |       |     2 ||     2
Invok: Call Merchant     |       |       |     2 ||     2
Evoke: Wand              |       |       |     1 ||     1
  Use: Scroll            |     8 |     2 |     6 ||    16
       Potion            |       |     7 |     4 ||    11
 Stab: Sleeping          |     1 |     3 |     4 ||     8
       Distracted        |       |     1 |     2 ||     3
Armor: Skin              |     1 |     2 |    17 ||    20
Dodge: Dodged            |     8 |   102 |   290 ||   400
